 Dungeon Crawl Stone Soup version 0.19-a0-27-g415f530 (webtiles) character file.

334 M4edhros the Martial Artist (level 6, -6/46 HPs)
             Began as a Vampire Monk on May 1, 2016.
             Was a Believer of Okawaru.
             Mangled by an orc wizard
             ... wielding a +1 dagger of electrocution
              (19 damage)
             ... on level 3 of the Dungeon.
             The game lasted 00:03:23 (895 turns).

M4edhros the Martial Artist (Vampire Monk)           Turns: 895, Time: 00:03:23

Health: -6/46      AC:  6    Str: 12    XL:     6   Next: 27%
Magic:  5/6        EV: 10    Int: 12    God:    Okawaru [**....]
Gold:   49         SH:  0    Dex: 17    Spells: 0 memorised, 5 levels left

rFire  . . .     SeeInvis +       - Unarmed
rCold  . . .     Gourm    .     h - +0 scale mail
rNeg   . . .     Faith    .     (no shield)
rPois  .         Spirit   .     (no helmet)
rElec  .         Dismiss  .     (no cloak)
rCorr  .         Reflect  .     (no gloves)
SustAt .         Harm     .     (no boots)
MR     .....     Rnd*Tele +     (no amulet)
Stlth  +.........               (no ring)
                                j - ring of teleportation (curse)

@: regenerating very quickly, not resistant to hostile enchantments, very
unstealthy
A: fangs 3, see invisible, unbreathing
a: Heroism, Renounce Religion


You were on level 3 of the Dungeon.
You worshipped Okawaru.
Okawaru was pleased with you.
You were almost alive.

You visited 1 branch of the dungeon, and saw 4 of its levels.

You collected 49 gold pieces.

Inventory:

Hand Weapons
 b - a +0 hunting sling
Missiles
 f - 41 stones (quivered)
Armour
 a - a +0 robe
 c - a +0 ring mail
 h - a +0 scale mail (worn)
Jewellery
 j - a cursed ring of teleportation (left hand)
Scrolls
 d - 2 scrolls of magic mapping {unknown}
 e - a scroll of noise {unknown}
 i - a scroll of teleportation {unknown}
 k - a scroll of blinking {unknown}
Potions
 g - 9 potions of blood


   Skills:
 - Level 2.6 Fighting
 - Level 3.2 Dodging
 - Level 3.0 Stealth
 + Level 8.3 Unarmed Combat


You had 5 spell levels left.
You didn't know any spells.

Dungeon Overview and Level Annotations

Branches:
Dungeon (4/15)             Temple (0/1) D:4

Altars:
Okawaru

Annotations:
D:3 Sl000nik's ghost, amateur FoAM


Innate Abilities, Weirdness & Mutations

Your natural rate of healing is extremely fast.
You have razor-sharp teeth.
You have supernaturally acute eyesight.
You can survive without breathing.


Message History

There is a stone staircase leading up here.
You climb upwards.
Level annotation: Sl000nik's ghost, amateur FoAM The orc shouts!
The orc wizard shouts! 2 orcs come into view.
The orc barely misses you.
Found a stone staircase leading up.
There is a stone staircase leading down here.
You hit the orc wizard.
The orc wizard is lightly wounded.
The orc wizard hits you but does no damage.
You barely miss the orc wizard.
The orc wizard is lightly wounded.
The orc wizard barely misses you.
You barely miss the orc wizard.
The orc wizard is lightly wounded.
The orc wizard hits you with a dagger of electrocution.
* * * LOW HITPOINT WARNING * * *
You are electrocuted!
You die...

.. #. ..
.### ..<#
#.. #.# #
#@#
#.###.#o#
......oo#
..###.#o#
#....
#.#..#
...... 8.
#.##. ⌠..
#.# .


You could see an orc wizard and 3 orcs.

Vanquished Creatures
  2 ogres (D:4)
  2 hounds (D:4)
  A giant frog skeleton (D:4)
  An orc wizard (D:4)
  3 adders (D:4)
  A giant gecko (D:4)
  6 orcs (D:4)
  3 giant cockroaches
  4 goblins
  A hobgoblin (D:2)
  7 jackals (D:4)
  A ball python (D:1)
  4 bats
  3 giant newts
  4 kobolds
  4 rats (D:2)
47 creatures vanquished.

Notes
Turn   | Place    | Note
--------------------------------------------------------------
     0 | D:1      | M4edhros the Vampire Monk began the quest for the Orb.
     0 | D:1      | Reached XP level 1. HP: 17/17 MP: 1/1
   174 | D:2      | Reached XP level 2. HP: 18/23 MP: 2/2
   267 | D:2      | Reached skill level 5 in Unarmed Combat
   302 | D:3      | Noticed Sl000nik's ghost (amateur FoAM)
   456 | D:4      | Reached XP level 3. HP: 13/28 MP: 3/3
   481 | D:4      | Reached skill level 6 in Unarmed Combat
   496 | D:4      | Reached XP level 4. HP: 18/34 MP: 4/4
   607 | D:4      | Found an iron altar of Okawaru.
   637 | D:4      | Became a worshipper of Warmaster Okawaru
   637 | D:4      | Reached * piety under Okawaru
   637 | D:4      | Reached ** piety under Okawaru
   777 | D:4      | Found a staircase to the Ecumenical Temple.
   818 | D:4      | Noticed an ogre
   830 | D:4      | Killed an ogre
   830 | D:4      | Reached skill level 7 in Unarmed Combat
   830 | D:4      | Reached XP level 5. HP: 24/39 MP: 2/5
   847 | D:4      | Noticed an ogre
   877 | D:4      | Killed an ogre
   877 | D:4      | Reached skill level 8 in Unarmed Combat
   877 | D:4      | Reached XP level 6. HP: 7/46 MP: 3/6
   895 | D:3      | Mangled by an orc wizard

Vault maps used:
D:1:      saegor_arrival_simple_b
D:3:      hangedman_feature_mirror
D:4:      minmay_temple_entry_enclosed_plants, okawaru_gym_becter

Skill      XL: |  1  2  3  4  5 |
---------------+----------------+-----
Unarmed Combat | 5 6 7 8 |  8.3
Fighting       | |  2.6
Dodging        | |  3.2
Stealth        | |  3.0

Action                   |  1- 3 |  4- 6 || total
-------------------------+-------+-------++-------
Melee: Unarmed           |    73 |    90 ||   163
       Punch             |     1 |     1 ||     2
       Bite              |       |     4 ||     4
Invok: Heroism           |       |     2 ||     2
  Use: Potion            |     9 |     3 ||    12
 Stab: Sleeping          |     3 |     1 ||     4
Armor: Ring mail         |    15 |       ||    15
       Scale mail        |    23 |    32 ||    55
Dodge: Dodged            |    52 |    48 ||   100
